Cogmind - Beta 17 @@@ ROGUE MODE // 2026.07.08 @ 19:48:54 Player: Ammie Result: Destroyed by S-27 Virus with Autogun Performance ------------- Evolutions (4) 2000 Regions Visited (8) 1600 Robots Destroyed (174) 870 Value Destroyed (5041) 5041 Prototype IDs (33) 660 Alien Tech Used (0) 0 Bonus (633) 633 TOTAL SCORE: 10804 Bonus ------- High Alert Combat Kills 333 Aligned with FarCom 300 Cogmind --------- Core Integrity 0/850 Matter 300/300 Energy 35/100 System Corruption 1% Temperature Cool (0) Movement Core (200) Ox3 Location -6/Factory Parts ------- > --- POWER (1) -------- (None) > --- PROPULSION (4) --- (None) > --- UTILITY (8) ------ Medium Storage Unit Hacking Suite System Shield > --- WEAPON (2) ------- Scythe > --- INVENTORY (10) --- Light Angular Momentum Engine Improved Trap Scanner Machine Analyzer Advanced Terrain Scan Processor Advanced ECM Suite Graphene Brace Improved Datajack Peak State ------------ > --- POWER ------------ Light Angular Momentum Engine > --- PROPULSION ------- Improved VTOL Module Improved VTOL Module Nuclear Pulse Thruster Nuclear Pulse Thruster > --- UTILITY ---------- Medium Storage Unit Hacking Suite Hacking Suite Hacking Suite Hacking Suite System Shield System Shield System Shield > --- WEAPON ----------- Improved Datajack Scythe > --- INVENTORY -------- Micro Nuclear Core Improved VTOL Module Improved VTOL Module Improved Trap Scanner Machine Analyzer Advanced Terrain Scan Processor Advanced ECM Suite Graphene Brace Arc Projector Improved Heavy Laser [Rating: 55] Favorites ----------- Power Cooled Ion Engine Engine Cooled Ion Engine Power Core Micro Nuclear Core Propulsion Light Treads Treads Light Treads Leg Carbon-fiber Leg Flight Unit Improved VTOL Module Utility Hacking Suite Device Improved Heat Sink Storage High-capacity Storage Unit Processor Machine Analyzer Hackware Hacking Suite Weapon Spread Laser Energy Gun Spread Laser Energy Cannon Guided Plasma Cannon Ballistic Gun Light Assault Rifle Launcher Grenade Launcher Slashing Weapon Scythe Special Melee Weapon Improved Datajack Build | -11 -10 -9 -9 -9 -8 -8 -7 -6 ------- Run | Yrd Mat Mat Min Exi Min Mat Fac Fac Slots Evolved 8 | . . 2 . . . 2 2 2 Power . | . . . . . . . . . Propulsion 2 | . . 1 . . . 1 . . Utility 6 | . . 1 . . . 1 2 2 Weapon . | . . . . . . . . . Parts Attached 124 | 7 9 26 1 1 . 39 31 10 Power 15 | 1 1 4 . . . 3 4 2 Engine 12 | 1 1 3 . . . 3 3 1 Core 3 | . . 1 . . . . 1 1 Reactor . | . . . . . . . . . Propulsion 47 | 3 1 12 . . . 18 11 2 Treads 26 | 2 1 12 . . . 10 1 . Leg 14 | 1 . . . . . 8 5 . Wheel . | . . . . . . . . . Hover . | . . . . . . . . . Flight 7 | . . . . . . . 5 2 Utility 31 | 1 4 4 1 . . 7 10 4 Device 18 | . 2 3 1 . . 7 4 1 Storage 4 | 1 2 . . . . . 1 . Processor 1 | . . 1 . . . . . . Hackware 8 | . . . . . . . 5 3 Protection . | . . . . . . . . . Artifact . | . . . . . . . . . Weapon 31 | 2 3 6 . 1 . 11 6 2 Energy Gun 22 | 1 2 4 . . . 11 2 2 Energy Cannon 3 | . . . . 1 . . 2 . Ballistic Gun 1 | 1 . . . . . . . . Ballistic Cannon . | . . . . . . . . . Launcher 2 | . 1 1 . . . . . . Special Weapon . | . . . . . . . . . Impact Weapon . | . . . . . . . . . Slashing Weapon 1 | . . . . . . . 1 . Piercing Weapon . | . . . . . . . . . Special Melee Weapon 2 | . . 1 . . . . 1 . Unidentified Prototypes 4 | . . 1 . . . 3 . . Parts Lost 47 | . 1 3 1 . 1 15 11 15 Power 5 | . . 1 . . . 1 2 1 Propulsion 20 | . 1 . 1 . 1 9 2 6 Utility 10 | . . 1 . . . 1 2 6 Weapon 12 | . . 1 . . . 4 5 2 Highest Loss Streak 14 | . 1 1 1 . 1 4 7 14 To Critical Strikes 1 | . . . . . . 1 . . Average Backups 16 | 1 12 19 19 20 19 19 10 9 Power 2 | . 1 3 4 4 4 2 1 1 Propulsion 1 | . . 2 2 2 2 1 2 1 Utility 5 | . 1 4 5 6 6 8 4 4 Weapon 5 | . 8 7 7 7 5 4 2 1 Tool/Special . | . . . . . . . . . Unused Backups 31 | . . 5 . . 2 9 6 9 Power 5 | . . 4 . . . 1 . . Propulsion 5 | . . . . . . 4 1 . Utility 7 | . . . . . . 1 1 5 Weapon 13 | . . 1 . . 2 3 3 4 Tool/Special 1 | . . . . . . . 1 . Average Slot Usage (%) 97 | . 98 99 99 100 97 96 94 97 Engine 8 | . 14 10 11 11 11 8 4 . Treads 21 | . 27 32 32 33 30 25 1 . Leg 4 | . . . . . . 7 9 . Flight 4 | . . . . . . . 16 25 Device 13 | . 12 14 11 11 11 18 8 . Storage 9 | . 14 11 11 11 11 9 7 6 Processor 6 | . . 7 11 11 11 9 5 . Hackware 6 | . . . . . . . 20 44 Energy Gun 14 | . 25 21 21 17 15 15 1 . Energy Cannon 1 | . . . . 4 6 2 4 . Slashing Weapon 1 | . . . . . . . 4 5 Special Melee Weapon 1 | . . . . . . . 3 5 Peak Build Rating 55 | 6 12 20 21 27 27 45 49 55 Average Rating 29 | 5 9 17 19 23 24 35 43 52 On Entrance 21 | . 6 11 19 21 27 20 40 46 Avg Prop Armor Cover (%) 5 | 12 . . . . . 5 5 . Naked Turns . | . . . . . . . . . Heaviest Build 66 | 13 52 57 56 62 62 65 66 22 Greatest Support 86 | 20 40 63 63 63 63 86 60 22 Greatest Overweight (x) 4 | 1 1 1 . . 1 4 3 3 Average Overweight (x) . | . . . . . . . . . Largest Inventory Capacity 20 | 8 20 20 20 20 20 20 20 10 Average Capacity 17 | 7 14 20 20 20 20 20 12 10 Most Carried 20 | 2 18 20 20 20 20 20 20 10 Average Carried 16 | 1 12 19 19 20 19 19 10 9 Final Capacity 20 | 8 20 20 20 20 20 20 10 10 Final Carried 20 | 2 17 20 20 20 19 20 10 7 Class Distribution -------------------- 52% | Mutant 26% | Scavenger-Mutant 7% | Hacker-Mutant 6% | Hacker-Sprinter 6% | Wizard-Sprinter Dominant Class ---------------- Mutant | -10/Materials Mutant | -9/Materials Mutant | -9/Mines Mutant | -9/Exiles Mutant | -8/Mines Scavenger-Mutant | -8/Materials Hacker-Mutant | -7/Factory Wizard-Sprinter | -6/Factory Resources | -11 -10 -9 -9 -9 -8 -8 -7 -6 ----------- Run | Yrd Mat Mat Min Exi Min Mat Fac Fac Matter Collected 2000 | 189 204 333 80 . 20 610 444 120 Remotely . | . . . . . . . . . Salvage Created 5672 | . 705 951 370 . 135 2597 597 317 Parts 355 | . 54 86 24 . 16 141 20 14 Haulers Intercepted 18 | . 2 6 . . . 6 1 3 Recyclers Shooed 2 | . 1 1 . . . . . . Parts Field Recycled . | . . . . . . . . . Retrieved Matter . | . . . . . . . . . Parts Self-Destructed . | . . . . . . . . . Prevented . | . . . . . . . . . Parts Restored . | . . . . . . . . . Kills | -11 -10 -9 -9 -9 -8 -8 -7 -6 ------- Run | Yrd Mat Mat Min Exi Min Mat Fac Fac Combat Hostiles Destroyed 122 | . 21 26 9 . 8 48 9 1 Melee 1 | . . . . . . . 1 . Guns 79 | . 21 22 7 . 4 24 . 1 Cannons 29 | . . . . . 4 19 6 . AOE 10 | . . 4 2 . . 4 . . Classes Destroyed 15 | . 6 2 2 . 1 3 1 . Worker 6 | . 1 1 . . . 4 . . Builder 3 | . . . 1 . . 2 . . Hauler 18 | . 2 6 . . . 6 1 3 Recycler 2 | . . 1 1 . . . . . Operator 8 | . 3 2 . . . 3 . . Watcher 15 | . 3 4 . . . 5 2 1 Swarmer 34 | . 8 11 . . 7 7 . 1 Grunt 52 | . 13 6 7 . . 22 4 . Brawler 1 | . . . . . . 1 . . Duelist 3 | . . . 2 . . . 1 . Sentry 16 | . . 9 . . . 7 . . Specialist 5 | . . . . . . 5 . . Hunter 7 | . . . . . 1 5 1 . Programmer 3 | . . . . . . . 3 . Heavy 1 | . . . . . . 1 . . Best Kill Streak 6 | . 4 6 3 . 4 5 2 1 Combat Bots Only 6 | . 3 6 3 . 4 4 2 1 Max Kills in Single Turn 4 | . 3 4 2 . 1 2 1 1 Gunslinging 1 | . 1 1 . . . . . . Exploded 4 | . . 4 2 . . 1 . . Melee 1 | . . . . . . . 1 . Uniques/NPCs Destroyed . | . . . . . . . . . Combat | -11 -10 -9 -9 -9 -8 -8 -7 -6 -------- Run | Yrd Mat Mat Min Exi Min Mat Fac Fac Hostile Shots Fired 751 | . 65 81 28 . 11 246 147 173 Missed 216 | . 17 27 8 . 2 60 47 55 Hits 535 | . 48 54 20 . 9 186 100 118 Melee 8 | . . . . . . . 8 . Projectile 527 | . 48 54 20 . 9 186 92 118 Critical Strikes 26 | . . 1 1 . . 6 13 5 Part Disruptions 1 | . . . . . . . 1 . Damage Taken 8390 | . 484 872 259 . 72 3143 1832 1728 Core 2102 | . 76 156 6 . 26 535 446 857 Absorbed by Shields 168 | . . . . . . . . 168 Regen/Repaired (Parts) 137 | . . . . . . . 34 103 Core Remaining (%) 52 | 100 69 . . . 53 2 36 . Volleys Fired 456 | . 70 86 22 . 11 200 55 12 Largest 2 | . 2 2 2 . 2 2 2 1 Hottest 145 | . 130 130 130 . 130 130 145 65 Shots Fired 753 | . 137 168 41 . 15 310 70 12 Gun 608 | . 136 165 36 . 8 230 21 12 Cannon 131 | . . . . . 7 75 49 . Launcher 14 | . 1 3 5 . . 5 . . Special . | . . . . . . . . . Kinetic 19 | . 19 . . . . . . . Thermal 650 | . 117 165 36 . 15 250 57 10 Explosive 3 | . . 3 . . . . . . Electromagnetic 81 | . 1 . 5 . . 60 13 2 Robot Hit Streak 21 | . 11 18 12 . 9 21 15 7 Robot Miss Streak 11 | . 11 11 5 . 5 5 4 2 Penetration Max . | . . . . . . . . . Secondary Targets 10 | . 2 3 1 . 1 3 . . Max Gunslinging Chain 1 | . 1 1 1 . 1 1 . . Shots Hit Robots 561 | . 92 148 33 . 7 194 59 28 Core Hits 522 | . 105 180 47 . 14 152 16 8 Critical Kills 1 | . . . . . . . 1 . Critical Parts Destroyed 1 | . 1 . . . . . . . Critical Strikes 14 | . 1 . . . . 8 3 2 Burn 7 | . . . . . . 7 . . Meltdown 1 | . . . . . . . 1 . Destroy 1 | . 1 . . . . . . . Corrupt 1 | . . . . . . 1 . . Sever 4 | . . . . . . . 2 2 Melee Attacks 148 | . . . . . . . 60 88 Impact . | . . . . . . . . . Slashing 132 | . . . . . . . 55 77 Piercing . | . . . . . . . . . Sneak Attacks 16 | . . . . . . . 4 12 Combat Hostiles . | . . . . . . . . . Follow-up Attacks . | . . . . . . . . . Damage Inflicted 12829 | . 1074 2492 639 . 211 6209 1514 690 Guns 7250 | . 1074 1964 492 . 78 3102 256 284 Cannons 3288 | . . . . . 133 2430 725 . Explosions 1335 | . . 521 147 . . 667 . . Melee 939 | . . . . . . . 533 406 Ramming 17 | . . 7 . . . 10 . . Kinetic 101 | . 101 . . . . . . . Thermal 9900 | . 973 1964 492 . 211 5154 841 265 Explosive 664 | . . 521 . . . 143 . . Electromagnetic 1208 | . . . 147 . . 902 140 19 Impact . | . . . . . . . . . Slashing 939 | . . . . . . . 533 406 Piercing . | . . . . . . . . . Highest Corruption 5 | . 1 . . . . . 5 1 Average Corruption 1 | . 1 . . . . . 2 1 Corruption Purged 5 | . . . . . . . 5 . Corruption Blocked . | . . . . . . . . . Effects 36 | . 6 . . . . . 29 1 Message Errors 6 | . 1 . . . . . 4 1 Matter Fused 4 | . . . . . . . 4 . Heat Flow Errors 5 | . . . . . . . 5 . Energy Discharges 2 | . 1 . . . . . 1 . Parts Fused 2 | . 2 . . . . . . . Data Loss (minor) 11 | . . . . . . . 11 . Data Loss (major) 3 | . 1 . . . . . 2 . Misfires 2 | . . . . . . . 2 . Alerts 1 | . 1 . . . . . . . Overload Shots . | . . . . . . . . . Overflow Damage 200 | . . . . . . 132 30 38 Projectiles 132 | . . . . . . 132 . . Explosions . | . . . . . . . . . Melee 68 | . . . . . . . 30 38 Knockbacks . | . . . . . . . . . Impact . | . . . . . . . . . Kinetic . | . . . . . . . . . Secondary . | . . . . . . . . . Self-Inflicted Damage 182 | . . 166 6 . . 10 . . Shots 5 | . . 2 1 . . 2 . . Rammed 3 | . . 1 . . . 2 . . Targets Rammed 4 | . . 1 . . . 3 . . Kicked . | . . . . . . . . . Crushed 1 | . . . . . . 1 . . Highest Temperature 457 | . 231 231 243 . 84 457 268 56 Average Temperature 82 | . 60 53 106 . 27 105 98 37 Received Heat Transfer 2184 | . 138 159 159 . . 1080 648 . Effects 6 | . . . . . . 6 . . Shutdowns 3 | . . . . . . 3 . . Energy Bleed 1 | . . . . . . 1 . . Interference 1 | . . . . . . 1 . . Short Circuit 1 | . . . . . . 1 . . Siege Activations . | . . . . . . . . . Martial Activations . | . . . . . . . . . Shielding Activations . | . . . . . . . . . Robots Disrupted 1 | . . . . . . 1 . . Combat Hostiles 1 | . . . . . . 1 . . Robots Corrupted 2 | . . . . . . 1 1 . Combat Hostiles 2 | . . . . . . 1 1 . Parts Fried 3 | . . . . . . 1 2 . Impact Corruptions . | . . . . . . . . . Robots Melted 1 | . . . . . . . 1 . Combat Hostiles 1 | . . . . . . . 1 . Parts Melted 30 | . 1 . . . . 24 5 . Heat Transferred 16645 | . 1354 2450 615 . 415 10021 1457 333 Parts Sabotaged . | . . . . . . . . . Parts Stolen . | . . . . . . . . . Parts Stripped . | . . . . . . . . . Power Chain Reactions 6 | . . . 2 . . 4 . . Alert | -11 -10 -9 -9 -9 -8 -8 -7 -6 ------- Run | Yrd Mat Mat Min Exi Min Mat Fac Fac Maximum Alert Level 3 | . . 1 . . . 3 1 . Low Security (%) 67 | 100 100 51 100 . 100 29 91 100 Level 1 13 | . . 48 . . . 10 8 . Level 2 7 | . . . . . . 24 . . Level 3 11 | . . . . . . 35 . . Level 4 . | . . . . . . . . . Level 5 . | . . . . . . . . . High Security . | . . . . . . . . . Max Security . | . . . . . . . . . Peak Influence 917 | . 116 370 127 . 72 917 294 101 Initial 294 | . . 38 127 . . 12 294 60 Average 209 | . 41 184 35 . 18 473 77 16 Influence Increases 4487 | . 615 932 247 . 193 1686 486 328 Destroy 0b10 Robot/C 2440 | . 420 520 180 . 160 960 180 20 Destroy 0b10 Robot/NC 260 | . 45 70 10 . . 100 15 20 Destroy Leader 684 | . 100 180 40 . 30 252 66 16 Trap Triggered on 0b10 10 | . . . . . . . 10 . Successful Hack 72 | . 5 25 5 . . 15 10 12 Disable Machine 165 | . . 30 . . . 90 30 15 Destroy Structure 241 | . . 62 12 . 3 59 40 65 Partial Spotted 60 | . . . . . . . 15 45 Lose Combat Pursuer 555 | . 45 45 . . . 210 120 135 Influence Decreases 4487 | . 523 695 553 23 161 1071 1008 453 Entered New Map 717 | . . 54 202 23 . 20 353 65 Time Decay 3017 | . 513 611 341 . 151 601 541 259 Lost Part 439 | . 10 30 10 . 10 150 100 129 Purge Threat 314 | . . . . . . 300 14 . Squads Dispatched 36 | . 5 2 . . . 12 11 6 Investigation 12 | . 2 . . . . 3 7 . Extermination 8 | . . . . . . . 4 4 Reinforcement 15 | . 3 2 . . . 8 . 2 Assault 1 | . . . . . . 1 . . Garrison . | . . . . . . . . . Intercept . | . . . . . . . . . Searches Triggered . | . . . . . . . . . Construction Impeded 2 | . . . . . . 2 . . Haulers Reinforced 1 | . . . . . . . . 1 Active Scanning Responses . | . . . . . . . . . Cargo Convoy Interrupts . | . . . . . . . . . Stealth | -11 -10 -9 -9 -9 -8 -8 -7 -6 --------- Run | Yrd Mat Mat Min Exi Min Mat Fac Fac Distress Signals 9 | . 2 3 . . . 4 . . Communications Jammed . | . . . . . . . . . Distress Signals . | . . . . . . . . . Times Spotted 191 | . 34 47 9 . 4 57 20 20 Peak Tracking Total 9 | . 3 7 3 . 3 4 4 9 Tactical Retreats 24 | . 2 2 . . . 10 6 4 Traps | -11 -10 -9 -9 -9 -8 -8 -7 -6 ------- Run | Yrd Mat Mat Min Exi Min Mat Fac Fac Traps Triggered 14 | . 4 2 . . . . 4 4 Indirectly 1 | . 1 . . . . . . . Trap Hack Attempts 30 | . . 9 . . . . 16 5 Triggered . | . . . . . . . . . Disarmed 1 | . . . . . . . 1 . Reprogrammed 11 | . . 2 . . . . 8 1 Reused 1 | . . . . . . . 1 . Traps Extracted . | . . . . . . . . . Installed . | . . . . . . . . . Triggered 1 | . . . . . . . 1 . Machines | -11 -10 -9 -9 -9 -8 -8 -7 -6 ---------- Run | Yrd Mat Mat Min Exi Min Mat Fac Fac Machines Disabled 11 | . . 2 . . . 6 2 1 Max in Single Turn 4 | . . 2 . . . 4 1 1 Garrison Access 2 | . . . . . . . 1 1 Machines Repaired . | . . . . . . . . . Machines Dismantled . | . . . . . . . . . Machines Sabotaged . | . . . . . . . . . Overloaded Fab Kills . | . . . . . . . . . Hacking | -11 -10 -9 -9 -9 -8 -8 -7 -6 --------- Run | Yrd Mat Mat Min Exi Min Mat Fac Fac Machines Accessed 45 | . 4 9 1 2 . 7 12 10 Terminals 28 | . 4 7 1 . . 6 5 5 Fabricators 3 | . . . . . . . 3 . Repair Stations 2 | . . . . . . . 1 1 Recycling Units 2 | . . . . . . . . 2 Scanalyzers 6 | . . 2 . . . 1 2 1 Garrison Access 2 | . . . . . . . 1 1 Total Hacks 135 | . 10 25 3 5 . 22 27 43 Successful 93 | . 7 15 1 5 . 12 20 33 Failed 41 | . 3 10 2 . . 10 7 9 Catastrophic 4 | . . . . . . 4 . . Database Lockouts 1 | . . . . . . . . 1 Manual 46 | . 5 9 . 1 . 15 1 15 Terminals 76 | . 10 18 3 . . 17 11 17 Fabricators 7 | . . . . . . . 7 . Repair Stations 13 | . . . . . . . 3 10 Recycling Units 6 | . . . . . . . . 6 Scanalyzers 22 | . . 7 . . . 5 5 5 Garrison Access 6 | . . . . . . . 1 5 Terminal Hacks 39 | . 4 7 1 5 . 6 5 11 Record 8 | . . . . 4 . . 1 3 Part Schematic 3 | . . . . . . . . 3 Prototype ID Bank 2 | . 1 1 . . . . . . Open DSF 1 | . . . . . . . . 1 Branch Access Points 1 | . 1 . . . . . . . Terminal Index 1 | . . . . . . . 1 . Scanalyzer Index 1 | . . 1 . . . . . . Alert Level 2 | . 1 . . . . . . 1 Unreport Threat 3 | . . . . . . 2 1 . Locate Traps 1 | . . 1 . . . . . . Reprogram Traps 1 | . . . . . . . 1 . Dispatch Records 1 | . . 1 . . . . . . Transport Status 2 | . . . . . . 2 . . Recall Reinforcements 1 | . . . . . . 1 . . Hauler Manifests 2 | . . 1 . . . 1 . . Registered Components 1 | . . 1 . . . . . . Registered Prototypes 2 | . . . . . . . 1 1 Zone Layout 5 | . 1 1 1 . . . . 2 Proto ID Catalog 1 | . . . . 1 . . . . Fabricator Hacks 6 | . . . . . . . 6 . Load Schematic 3 | . . . . . . . 3 . Build 3 | . . . . . . . 3 . Repair Station Hacks 11 | . . . . . . . 3 8 Scan Component 6 | . . . . . . . 2 4 Repair 5 | . . . . . . . 1 4 Recycling Unit Hacks . | . . . . . . . . . Scanalyzer 18 | . . 5 . . . 4 5 4 Insert Component 9 | . . 3 . . . 2 2 2 Analyze 7 | . . 2 . . . 1 2 2 Retrieve Study 2 | . . . . . . 1 1 . Garrison Access Hacks 2 | . . . . . . . 1 1 Seal Access 2 | . . . . . . . 1 1 Unauthorized Hacks 17 | . 3 3 . . . 2 . 9 Terminals 10 | . 3 3 . . . 2 . 2 Botnet 10 | . 3 3 . . . 2 . 2 Fabricators . | . . . . . . . . . Repair Stations . | . . . . . . . . . Recycling Units 6 | . . . . . . . . 6 Monitor 2 | . . . . . . . . 2 Reject 2 | . . . . . . . . 2 Mask 2 | . . . . . . . . 2 Scanalyzers . | . . . . . . . . . Garrison Access 1 | . . . . . . . . 1 Watchers 1 | . . . . . . . . 1 Data Cores Recovered 1 | . . . . . . 1 . . Used . | . . . . . . . . . Hacking Detections 29 | . 2 6 1 . . 5 9 6 Full Trace Events 11 | . . 1 . . . 4 6 . Feedback Events 1 | . . . . . . . 1 . Corruption 1 | . . . . . . . 1 . Feedback Blocked . | . . . . . . . . . Robot Schematics Acquired . | . . . . . . . . . Robots Built . | . . . . . . . . . Authchips . | . . . . . . . . . Time . | . . . . . . . . . Total Robot Build Rating . | . . . . . . . . . Part Schematics Acquired 9 | . . 2 . . . 1 2 4 Parts Built 3 | . . . . . . . 3 . Authchips . | . . . . . . . . . Time 189 | . . . . . . . 189 . Total Part Build Rating 9 | . . . . . . . 9 . Part Studies Acquired 2 | . . . . . . 1 1 . Parts Repaired 5 | . . . . . . . 1 4 Time 161 | . . . . . . . 60 101 Parts Recycled . | . . . . . . . . . Recycled Matter . | . . . . . . . . . Retrieved Matter . | . . . . . . . . . Retrieved Components . | . . . . . . . . . Parts Scanalyzed 6 | . . 2 . . . 1 2 1 Part Schematics Acquired 6 | . . 2 . . . 1 2 1 Parts Damaged 1 | . . . . . . 1 . . Bothacking | -11 -10 -9 -9 -9 -8 -8 -7 -6 ------------ Run | Yrd Mat Mat Min Exi Min Mat Fac Fac Used RIF Installer . | . . . . . . . . . Robots Hacked 5 | . . . . . . . 1 4 Non-combat 5 | . . . . . . . 1 4 Combat . | . . . . . . . . . Robot Hacks Applied 11 | . . . . . . . 2 9 parse_system 1 | . . . . . . . . 1 no_distress 5 | . . . . . . . 1 4 find_chute 1 | . . . . . . . . 1 find_fabricator 4 | . . . . . . . 1 3 Relay Couplers Released . | . . . . . . . . . Fabnet Peak Effective % . | . . . . . . . . . Robots Rewired . | . . . . . . . . . Allies Hacked . | . . . . . . . . . Hacks Repelled . | . . . . . . . . . Allies | -11 -10 -9 -9 -9 -8 -8 -7 -6 -------- Run | Yrd Mat Mat Min Exi Min Mat Fac Fac Total Allies 1 | . . . 1 . . . . . Largest Group 1 | . . . 1 1 . . . . Highest-Rated Group 31 | . . . 31 31 . . . . Highest-Rated Ally 31 | . . . 31 31 . . . . Total Orders . | . . . . . . . . . Ally Attacks . | . . . . . . . . . Total Damage . | . . . . . . . . . Kills . | . . . . . . . . . Allies Corrupted . | . . . . . . . . . Allies Melted . | . . . . . . . . . Intel | -11 -10 -9 -9 -9 -8 -8 -7 -6 ------- Run | Yrd Mat Mat Min Exi Min Mat Fac Fac Active Infowar (turns) 12333 | . 463 2727 1213 356 569 4767 2234 4 Seismic 1420 | . 463 957 . . . . . . Machine Analysis 10861 | . . 1770 1213 356 569 4767 2186 . Jamming 50 | . . . . . . . 48 2 ECM 2 | . . . . . . . . 2 Robot Analysis Total . | . . . . . . . . . Derelict Logs Recovered 2 | . . . 2 . . . . . Drone Launches . | . . . . . . . . . Drone Recoveries . | . . . . . . . . . Exploration | -11 -10 -9 -9 -9 -8 -8 -7 -6 ------------- Run | Yrd Mat Mat Min Exi Min Mat Fac Fac Turns Passed 16001 | 131 2103 2728 1213 356 569 5076 2787 1038 Spaces Moved 10670 | 74 1020 1342 658 222 307 2183 2551 2313 Core 4 | 2 . . . . . . . 2 Treads 5486 | 52 1020 1342 658 222 307 1750 135 . Legs 955 | 20 . . . . . 433 502 . Wheels . | . . . . . . . . . Hover . | . . . . . . . . . Flight 4225 | . . . . . . . 1914 2311 Fastest Speed 26 | 50 160 160 160 160 160 120 26 26 Average Speed 110 | 162 170 163 160 160 170 161 64 27 Slowest Speed 400 | 190 240 240 160 160 240 400 330 245 Overloaded Moves . | . . . . . . . . . Propulsion Burnouts . | . . . . . . . . . Robots Hopped 10 | . . . . . . . . 10 Potential Cave-ins . | . . . . . . . . . Cave-ins Triggered . | . . . . . . . . . Exploration Rate (%) 64 | 4 95 95 98 60 76 78 33 40 Regions Visited 8 Branch Regions 3 Pre-discovered Areas 1 | . . . . 1 . . . . Known Exits Taken . | . . . . . . . . . Unknown Exits Taken 8 | 1 1 1 1 1 1 1 1 . Scrap Searched 2 | . . . 1 . 1 . . . Spaces Dug 106 | . . . . . . . 39 67 Terrain Destroyed 250 | . . 66 12 . 3 60 42 67 Melee 102 | . . . . . . . 35 67 Projectile 16 | . . . . . 3 6 7 . AOE 132 | . . 66 12 . . 54 . . Terrain Rammed . | . . . . . . . . . Walls Destroyed . | . . . . . . . . . Machines Disabled . | . . . . . . . . . Actions | -11 -10 -9 -9 -9 -8 -8 -7 -6 --------- Run | Yrd Mat Mat Min Exi Min Mat Fac Fac Total 13971 | 82 1247 1714 775 223 338 3476 3543 2573 Wait 2308 | . 134 217 90 . 17 969 756 125 Move 10642 | 73 1019 1341 657 221 306 2182 2550 2293 Hop 10 | . . . . . . . . 10 Pick Up 78 | 2 13 9 . . 1 26 17 10 Fast Attach 33 | 6 1 4 . 1 . 6 13 2 Attach 46 | . 1 2 1 . . 15 19 8 Detach 7 | . . . . . . 2 3 2 Swap 105 | 1 8 25 5 . 1 44 15 6 Drop 85 | . 1 20 . 1 2 29 24 8 Fire 456 | . 70 86 22 . 11 200 55 12 Melee 148 | . . . . . . . 60 88 Ram . | . . . . . . . . . Kick . | . . . . . . . . . Crush 4 | . . 1 . . . 3 . . Escape Stasis 19 | . . . . . . . 15 4 Rewire . | . . . . . . . . . Trap 30 | . . 9 . . . . 16 5 Miscellaneous . | . . . . . . . . . Route ------- -11/Scrapyard -10/Materials (discovered 5 exits: *Mat x3 / *Min / [*Sub]) -9/Materials (discovered 5 exits: *Mat x3 / *Min x2) -9/Mines (discovered 3 exits: *Mat x2 / *Exi) -9/Exiles -8/Mines -8/Materials (discovered 2 exits: *Fac x2) -7/Factory (discovered 2 exits: *Fac / [*Low]) -6/Factory (discovered 3 exits: [*Low x2] / [Ext]) History --------- Turn | Location | Event 16 | -11/Scrapyard | Discovered new exit (range 16) 132 | -11/Scrapyard | Entered Materials 243 | -10/Materials | Discovered new exit (range 16) 290 | -10/Materials | Discovered new exit (range 12) 303 | -10/Materials | Build established: Mutant 690 | -10/Materials | Discovered new exit (range 16) 921 | -10/Materials | Discovered new exit (range 10) 1388 | -10/Materials | Identified exit to Mines 1903 | -10/Materials | Discovered new exit (range 11) 2235 | -10/Materials | Entered another Materials area 2235 | -9/Materials | Evolved 2 slots: Propulsion x1, Utility x1 2715 | -9/Materials | Build established: Scavenger-Mutant 2802 | -9/Materials | Discovered new exit (range 15) 2993 | -9/Materials | Discovered new exit (range 15) 3514 | -9/Materials | Discovered new exit (range 16) 3820 | -9/Materials | Build established: Mutant 4099 | -9/Materials | Discovered new exit (range 12) 4635 | -9/Materials | Discovered new exit (range 16) 4963 | -9/Materials | Entered Mines 5018 | -9/Mines | Learned Materials terminal intel 5180 | -9/Mines | Discovered new exit (range 15) 5464 | -9/Mines | Discovered new exit (range 3) 5759 | -9/Mines | Learned 2 Materials zone layouts 6032 | -9/Mines | Received a Mining Laser from a helpful Derelict 6170 | -9/Mines | Deemed a non-threat by the Exiles lab entrance 6170 | -9/Mines | Discovered new exit (range 5) 6176 | -9/Mines | Entered Exiles 6176 | -9/Exiles | Accompanied by 1 ally 6223 | -9/Exiles | Met 8R-AWN 6247 | -9/Exiles | Met EX-HEX 6296 | -9/Exiles | Met EX-BIN 6319 | -9/Exiles | Aligned with FarCom system 6320 | -9/Exiles | Given EX-Vault access code 6359 | -9/Exiles | Opened EX-Vault 6374 | -9/Exiles | Found Gui. Plasma Cannon 6406 | -9/Exiles | Warned to stay clear of 0b10 Research branches 6450 | -9/Exiles | Met EX-DEC 6458 | -9/Exiles | Learned location of Zion (-6) 6510 | -9/Exiles | Discovered new exit (range 15) 6532 | -9/Exiles | Left Exiles lab with Gui. Plasma Cannon 6532 | -9/Exiles | Entered Mines 7068 | -8/Mines | Discovered new exit (range 10) 7101 | -8/Mines | Entered Materials 7101 | -8/Materials | Evolved 2 slots: Propulsion x1, Utility x1 7103 | -8/Materials | Loaded intel: 12 terminal locations 7422 | -8/Materials | Build established: Scavenger-Mutant 7496 | -8/Materials | Discovered new exit (range 16) 8540 | -8/Materials | Lost 4 parts (1p1n2w) 9069 | -8/Materials | Core integrity fell below 50% 9355 | -8/Materials | Gui. Plasma Cannon suddenly broke down 9530 | -8/Materials | Build established: Mutant 9714 | -8/Materials | Discovered new exit (range 5) 9901 | -8/Materials | First assault squad dispatched 11337 | -8/Materials | Core integrity fell below 20% 12055 | -8/Materials | Build established: Scavenger-Mutant 12177 | -8/Materials | Entered Factory 12177 | -7/Factory | Evolved 2 slots: Utility x2 12797 | -7/Factory | Lost 7 parts (1p2n4w) 13030 | -7/Factory | Build established: Hacker-Mutant 13399 | -7/Factory | Core integrity fell below 50% 13902 | -7/Factory | Fabricated Imp. VTOL Module (x1) 14015 | -7/Factory | Repaired Imp. VTOL Module 14094 | -7/Factory | Fabricated Imp. VTOL Module? 14312 | -7/Factory | Build established: Hacker-Sprinter 14641 | -7/Factory | Fabricated System Shield? 14844 | -7/Factory | Discovered new exit (range 8) 14957 | -7/Factory | Discovered new exit (range 5) 14964 | -7/Factory | Entered another Factory area 14964 | -6/Factory | Evolved 2 slots: Utility x2 15005 | -6/Factory | Discovered new exit (range 11) 15050 | -6/Factory | Central database locked down 15215 | -6/Factory | Repaired Imp. VTOL Module 15239 | -6/Factory | Repaired Mic. Nuclear Core 15259 | -6/Factory | Repaired Scythe+ 15280 | -6/Factory | Build established: Wizard-Sprinter 15291 | -6/Factory | Repaired Imp. VTOL Module 15479 | -6/Factory | Discovered new exit (range 8) 15659 | -6/Factory | Discovered new exit (range 10) 15985 | -6/Factory | Core integrity fell below 50% 15996 | -6/Factory | Core integrity fell below 20% 16002 | -6/Factory | Destroyed by S-27 Virus with Autogun Last Messages --------------- 15985_ R-10 Processor collects Autogun. 15986_ Imp. Heavy Laser destroyed. 15988_ Triggered Stasis Trap. 15988_ A bubble of rippling energy engulfs the area. 15988_ Field strength at 94. 15989_ WQMIEQMB7YUNMQEIAP#ATN|MUAE:UXU 15989_ P-60 Hacker heat short circuits Imp. Heat Sink. 15989_ Field strength at 73. 15990_ Field strength at 63. 15991_ Field strength at 37. 15993_ R-10 Processor collects VTOL Module. 15993_ S-27 Virus destroyed. 15995_ U-05 Engineer destroyed. 15995_ Stasis field depleted. 15996_ R-10 Processor collects Lgt. Nuclear Core. 15998_ Imp. VTOL Module destroyed. 15999_ R-10 Processor collects Autogun. 15999_ Arc Projector destroyed. 16000_ Acquired 10 matter. 16002_ R-10 Processor collects VTOL Module. Map ----- +----------------------------------------------------+ | ????????????????????????????????????? | | ????????????????????????????????????? | | ????????????????????????????????????? | | ????????????????????????????????????? | | ????????????????????????????????????? | | ????????????????????????????????????? | | ????????????????????????????????????? | | ????????????????????????????????????? | | ????????????????????????????????????? | | #############???????###?????????????? | | # #?????????????? | | """ """ # """"""""" #?????????????? | | """ """ !# #?????????????? | | """ """ # """"""""" #?????????????? | | # #?????????????? | | """ """ # """"""""" #?????Y???????? | | """ """ # #?????????????? | | """ """ # """"""""" #?????????????? | | # #?????????????? | | #] """"""""" #?????????????? | | # #?????????????? | | % " ! #?????????????? | | ###+############+###########????????? | | p%s #????""" # | | Rs= ! # # | | *%@ ; """ ? | | s = # """""?? | | ss#??""""??? | | ##########+######### #????????? | | #[ #? ????????? #????????? | | # # ""?????????? #????????? | | / " " # "??????????? #????????? | | # " " # ???????????? #????????? | | # " " #?????????????p#????????? | | # " " #????????????? #????????? | | ##### " " #????????????? #????????? | | #???# " " #????????????? #????????? | | #???# " " #????????????? #????????? | | #???# " " #????????????? ########?? | | #???# " " #????????????# # #?? | | #???# #????????????# #! #?? | | #???#####+############## # !! #?? | | #???????+ + !! #?? | | #???????# ######## # = #?? | | ? ????????# #??????# # #?? | | ??????????# #??????# ##+##+#??? | | ??????????# #??????# #??? | | ## # #?###### #??? | | ######### #?# # [ #??? | | #???????# #?# # [[ #??? | +----------------------------------------------------+ Best States ------------- Heat Dissipation 62 Energy Generation 23 Energy Capacity 290 Matter Stores 300 Matter Capacity 300 Sight Range 16 Terrain Scan Density 10 Jamming Range 12 Weapon Cycling 15 Evasion (%) 64 Recoil Reduction 4 Particle Charging 15 Offensive Hacking 40 Defensive Hacking 30 Item Schematics ----------------- Hacking Suite | -9/Materials | Scanalyzed Cld. Ion Engine | -9/Materials | Scanalyzed Imp. VTOL Module | -8/Materials | Scanalyzed System Shield | -7/Factory | Scanalyzed Dynamic Insulation System | -7/Factory | Scanalyzed Imp. System Shield | -6/Factory | Hacked Lgt. Antimatter Reactor | -6/Factory | Hacked Hpw. Shock Rifle | -6/Factory | Hacked Imp. Trap Scanner | -6/Factory | Scanalyzed Robot Schematics ------------------ None Fabricated ------------ Imp. VTOL Module | x1 | -7/Factory Imp. VTOL Module | x1 | -7/Factory System Shield | x1 | -7/Factory Repaired ---------- Imp. VTOL Module | 32% | -7/Factory Imp. VTOL Module | 44% | -6/Factory Mic. Nuclear Core | 38% | -6/Factory Scythe | 62% | -6/Factory Imp. VTOL Module | 50% | -6/Factory Studied --------- Spread Laser | -8/Materials | Hacked Scythe | -7/Factory | Hacked Alien Tech Used ----------------- None Achievements -------------- Myspace Not Today, Chutes We Love MA Challenges ------------ None Game ------ Seed PrecisionForceProcessor Manual? 0 Play Time 02:25:08 Cumulative 84.9 hours Start 2026.07.08 @ 16:56:27 End 2026.07.08 @ 19:48:54 Sessions 1 Manual Loads 0 Difficulty Rogue Special Mode None Game No. 142 Rogue 142 Adventurer 0 Explorer 0 Win Type - Total 0 Types 0/0/0/0/0/0/0/0/0/0 Lore% 21 Gallery% 31 Achievement% 28 Wizard Run 0 Options --------- Layout 0 ASCII 0 Keyboard 0 Movement Mouse Keybinds 0 Fullscreen 1 Font 24/Smallcaps Map View 38x25 Zoom Use 98% Tactical HUD 1 Map Filters NONE Filters NONE Steam 1 RUN: 4a048956-3a0f-4ced-b039-4f97927eed06